 Dungeon Crawl Stone Soup version 0.24-a0-459-g225fefd530 (webtiles) character file.

Game seed: 3541030203543512639

441 Gildeon the Chopper (level 6, -4/56 HPs)
             Began as a Minotaur Fighter on June 30, 2019.
             Slain by an orc priest
             ... wielding a +0 war axe
              (8 damage)
             ... on level 5 of the Dungeon.
             The game lasted 00:12:57 (3466 turns).

Gildeon the Chopper (Minotaur Fighter)              Turns: 3466, Time: 00:12:57

Health: -4/56      AC:  9    Str: 22    XL:     6   Next: 71%
Magic:  5/5        EV:  9    Int:  5    God:
Gold:   62         SH: 10    Dex: 12    Spells: 5/5 levels left

rFire    + . .     SeeInvis .   a - +0 war axe
rCold    . . .     Gourm    .   c - +0 shield
rNeg     . . .     Faith    .   b - +0 scale mail
rPois    .         Spirit   .   (helmet restricted)
rElec    .         Reflect  .   s - scarf {repulsion}
rCorr    .         Harm     .   (no gloves)
MR       .....                  n - +1 pair of boots
Stlth    ..........             (no amulet)
HPRegen  0.18/turn              e - ring of protection from fire
MPRegen  0.09/turn              t - +2 ring of dexterity

@: repel missiles
A: retaliatory headbutt, horns 2
a: no special abilities


You were on level 5 of the Dungeon.
You were hungry.

You visited 1 branch of the dungeon, and saw 5 of its levels.

You collected 227 gold pieces.
You spent 165 gold pieces at shops.

Inventory:

Hand Weapons
 a - a +0 war axe (weapon)
 x - a +0 flail
Armour
 b - a +0 scale mail (worn)
 c - a +0 shield (worn)
 n - a +1 pair of boots (worn)
 s - a scarf of repulsion (worn)
Jewellery
 e - a ring of protection from fire (left hand)
 h - an uncursed ring of protection from fire
 m - an uncursed ring of see invisible
 t - a +2 ring of dexterity (right hand)
 w - an uncursed ring of ice
Scrolls
 j - 2 scrolls of remove curse
 k - a scroll of fog
 l - 4 scrolls of teleportation
 r - a scroll of magic mapping
 u - a scroll of enchant weapon
Potions
 d - a potion of might
 g - a potion of berserk rage
 i - a potion of cancellation
 o - a potion of flight
 p - a potion of ambrosia {unknown}
 q - 2 potions of mutation
Comestibles
 f - 7 rations
 v - 2 chunks of flesh


   Skills:
 - Level 5.0 Fighting
 * Level 5.5 Axes
 + Level 4.9 Armour
 + Level 2.6 Dodging
 + Level 5.0 Shields


You had 5 spell levels left.
You didn't know any spells.
Your spell library contained the following spells:

 Spells                   Type           Power        Failure   Level  Hunger
 Animate Skeleton         Necr           N/A          99%         1    ##.....
 Apportation              Tloc           #.....       99%         1    ##.....
 Confusing Touch          Hex            #.....       99%         1    ##.....
 Summon Small Mammal      Summ           #...         99%         1    ##.....


Dungeon Overview and Level Annotations

Branches:
Dungeon (5/15)
 Temple: D:4-7

Altars:
Sif Muna

Shops:
D:4 ?


Innate Abilities, Weirdness & Mutations

You reflexively headbutt those who attack you in melee.
You have a pair of horns on your head.


Message History

Your Fighting skill increases to level 5!
Your Shields skill increases to level 5!
The orc priest mumbles some strange prayers to Beogh against you.
Pain shoots through your body!
You barely miss the orc priest.
The orc priest is severely wounded.
The orc priest hits you with a +0 war axe. x2
You closely miss the orc priest.
The orc priest is severely wounded.
The orc priest hits you with a +0 war axe.
* * * LOW HITPOINT WARNING * * *
You hit the orc priest.
The orc priest is severely wounded.
The orc priest mumbles some strange prayers to Beogh against you.
Beogh smites you!
* * * LOW HITPOINT WARNING * * *
Your shield prevents you from hitting the orc priest.
The orc priest is severely wounded.
The orc priest hits you with a +0 war axe!
You die...

#.......# #.......#
#####.......#
#...........#
#...........#
#...........#
#...........#
#######...........#
#.....)@..........#
#....wo#####......#
#...... #......#
....... #......#
....... #......#
....... #......#
....... #......#
....... #......#
########


You could see a worm and an orc priest.

Vanquished Creatures
  The ghost of Tribosh the Skirmisher, a weakling MiBe of Trog (D:3)
  A howler monkey (D:4)
  A crimson imp (D:5)
  2 orc priests
  A hound (D:4)
  An iguana (D:4)
  An orc wizard (D:5)
  A hound skeleton (D:3)
  Robin (D:4)
  3 adders
  A shadow imp (D:5)
  An ooze (D:3)
  A worm (D:2)
  A dart slug (D:4)
  4 leopard geckos
  16 orcs
  3 bats
  5 giant cockroaches
  15 goblins
  9 hobgoblins
  8 jackals
  A quokka (D:3)
  7 frilled lizards
  A jackal skeleton (D:4)
  7 kobolds
  A leopard gecko skeleton (D:2)
  9 rats
103 creatures vanquished.

Notes
Turn   | Place    | Note
-------+----------+-------------------------------------------
     0 | D:1      | Gildeon the Minotaur Fighter began the quest for the Orb.
     0 | D:1      | Reached XP level 1. HP: 19/19 MP: 0/0
   414 | D:1      | Reached XP level 2. HP: 26/27 MP: 1/1
   793 | D:2      | Reached skill level 1 in Dodging
   793 | D:2      | Reached XP level 3. HP: 31/33 MP: 2/2
  1113 | D:2      | Found a deep blue altar of Sif Muna.
  1282 | D:3      | Found a runed translucent door.
  1282 | D:3      | Noticed Tribosh's ghost (weakling MiBe)
  1299 | D:3      | Killed Tribosh's ghost
  1299 | D:3      | Reached XP level 4. HP: 30/40 MP: 3/3
  1523 | D:3      | Reached XP level 5. HP: 46/46 MP: 4/4
  2051 | D:4      | Noticed Robin
  2063 | D:4      | Killed Robin
  2283 | D:4      | Reached XP level 6. HP: 47/53 MP: 5/5
  2312 | D:4      | Reached skill level 5 in Axes
  2355 | D:4      | Found Riatiw's Magic Scroll Shoppe.
  2370 | D:4      | Bought a scroll of magic mapping for 35 gold pieces
  2370 | D:4      | Bought a scroll of identify for 20 gold pieces
  2370 | D:4      | Bought a scroll of enchant weapon for 75 gold pieces
  2370 | D:4      | Bought a scroll of magic mapping for 35 gold pieces
  3290 | D:5      | Entered Level 5 of the Dungeon
  3462 | D:5      | Reached skill level 5 in Fighting
  3462 | D:5      | Reached skill level 5 in Shields
  3466 | D:5      | Slain by an orc priest

Levels and vault maps discovered:
D:1:      dpeg_arrival_snail, layout_basic, serial_curves, eino_curves_01,
          eino_curves_04
D:2:      layout_rooms, led_sif_pool
D:3:      layout_loops_ring, ebering_ghost_inner_flame
D:4:      layout_layer_cave, serial_shops, shop_statue, first_ration, uniq_robin
D:5:      layout_gridville, minmay_temple_entry_purple_smoke, serial_shops,
          shop, uniq_duvessa, uniq_edmund

Skill      XL: |  1  2  3  4  5  6 |
---------------+-------------------+-----
Axes           | 3 4 5 |  5.5
Armour         | 4 |  4.9
Dodging        | 1 2 |  2.6
Fighting       | 4 5 |  5.0
Shields        | 4 5 |  5.0

Action                   |  1- 3 |  4- 6 || total
-------------------------+-------+-------++-------
Melee: War axe           |   106 |   153 ||   259
       Headbutt          |    18 |    24 ||    42
  Use: Scroll            |     8 |     5 ||    13
  Eat: Chunk             |     1 |     7 ||     8
Armor: Scale mail        |    58 |    60 ||   118
Dodge: Dodged            |    37 |    41 ||    78
Block: Shield            |    71 |    75 ||   146

Table legend:
 A = Non-vault XP
 B = Vault XP
 C = Vault XP percentage of total XP
 D = Non-vault monster count
 E = Vault monster count
 F = Vault count percentage of total count
                 A         B        C        D         E       F
            +---------+---------+-------+---------+---------+-------
      Total |     530 |     101 |  16.0 |      91 |      12 |  11.7
            +---------+---------+-------+---------+---------+-------
        D:1 |      16 |       0 |   0.0 |      11 |       0 |   0.0
        D:2 |      58 |       0 |   0.0 |      26 |       0 |   0.0
        D:3 |     126 |      67 |  34.7 |      28 |       1 |   3.4
        D:4 |     206 |      34 |  14.2 |      18 |      11 |  37.9
        D:5 |     124 |       0 |   0.0 |       8 |       0 |   0.0
            +---------+---------+-------+---------+---------+-------
